 Dungeon Crawl Stone Soup version 0.29-a0-789-g7a8fcbc185 (webtiles) character file.

Game seed: 3924464112785402832

2270 bande the Chopper (level 9, -13/54 HPs)
             Began as a Gargoyle Fighter on July 2, 2022.
             Was a Believer of Okawaru.
             Mangled by Joseph
             ... wielding a +0 quarterstaff
              (22 damage)
             ... on level 7 of the Dungeon.
             The game lasted 00:19:30 (9984 turns).

bande the Chopper (Gargoyle Fighter)                Turns: 9984, Time: 00:19:31

Health: -13/54     AC: 23    Str: 20    XL:     9   Next: 38%
Magic:  0/11       EV:  6    Int:  9    God:    Okawaru [**....]
Gold:   342        SH:  5    Dex: 13    Spells: 8/8 levels left

rFire   + . .      SeeInvis .   e - +4 war axe
rCold   + . .      Faith    .   c - +0 buckler
rNeg    + . .      Spirit   +   y - +0 plate armour
rPois   ∞          Reflect  .   j - +1 helmet
rElec   +          Harm     .   p - scarf {rC+ rF+}
rCorr   .          Rampage  .   (no gloves)
Will    .....      Clarity  +   w - +0 pair of boots
Stlth   ..........              k - amulet of guardian spirit
HPRegen 0.18/turn               (no ring)
MPRegen 0.12/turn               (no ring)

@: mighty
A: sickness immunity, AC +6, negative energy resistance 1, electricity
resistance, torment resistance 1, petrification resistance, clarity
a: Renounce Religion, Heroism


You were on level 7 of the Dungeon.
You worshipped Okawaru.
Okawaru was pleased with you.
You visited 2 branches of the dungeon, and saw 8 of its levels.

You collected 356 gold pieces.
You spent 14 gold pieces at shops.

Inventory:

Hand Weapons
 a - a +1 vorpal war axe
 e - a +4 war axe (weapon)
 f - a +4 flail of protection
 t - a +1 short sword of flaming
Armour
 c - a +0 buckler (worn)
 j - a +1 helmet (worn)
 o - a +0 cloak
 p - a scarf of resistance (worn)
 w - a +0 pair of boots (worn)
 y - a +0 plate armour (worn)
Jewellery
 b - an amulet of reflection
 k - an amulet of guardian spirit (around neck)
Wands
 n - a wand of polymorph (14)
 v - a wand of quicksilver (10)
Scrolls
 g - 3 scrolls of enchant weapon
 l - a scroll of magic mapping
 m - a scroll of teleportation
 r - 7 scrolls of identify
 s - a scroll of brand weapon
 u - a scroll of fog
Potions
 h - a potion of mutation
 i - a potion of flight
 q - a potion of resistance


   Skills:
 + Level 5.5 Fighting
 + Level 7.1 Axes
 + Level 7.0 Armour
 + Level 4.7 Shields
 * Level 3.6 Invocations
 * Level 3.7 Evocations


You had 8 spell levels left.
You didn't know any spells.
Your spell library contained the following spells:

 Spells                   Type           Power      Damage    Failure   Level
 Blink                    Tloc           0%         N/A       100%        2
 Scorch                   Fire           0%         2d5       100%        2
 Gell's Gravitas          Tloc           0%         N/A       100%        3
 Lesser Beckoning         Tloc           0%         N/A       100%        3
 Ozocubu's Armour         Ice            0%         N/A       100%        3
 Teleport Other           Tloc           0%         N/A       100%        3
 Flame Wave               Conj/Fire      0%         2d4       100%        4
 Manifold Assault         Tloc           0%         N/A       100%        5
 Conjure Ball Lightning   Conj/Air       0%         3x3d6     100%        6
 Ozocubu's Refrigeration  Ice            0%         4d5       100%        7
 Storm Form               Tmut/Air       0%         N/A       100%        7
 Discord                  Hex            0%         N/A       100%        8
 Disjunction              Tloc           0%         N/A       100%        8
 Summon Cactus Giant      Summ           Unusable   N/A       N/A         6

Dungeon Overview and Level Annotations

Branches:
Dungeon (7/15)             Temple (1/1) D:4

Altars:
Ashenzari
Cheibriados
Dithmenos
Elyvilon
Fedhas
Hepliaklqana
Kikubaaqudgha
Makhleb
Nemelex Xobeh
Okawaru
Qazlal
Ru
Sif Muna
Trog
Vehumet
Wu Jian
Xom
The Shining One
Lugonu

Shops:
D:1 (   D:4 [[!   D:7 *

Annotations:
D:7 Joseph


Innate Abilities, Weirdness & Mutations

You are immune to sickness and miasma.
Your stone body is resilient. (AC +6)
You are immune to poison.
You resist negative energy. (rN+)
You are resistant to electric shocks. (rElec)
You are resistant to unholy torment.
You are immune to petrification.
You possess an exceptional clarity of mind.


Message History

Joseph unwields a +0 sling.
Joseph wields a +0 quarterstaff.
Joseph hits you but does no damage.
You hit Joseph.
Joseph is lightly wounded.
Joseph barely misses you.
Joseph drinks a potion.
Joseph goes berserk!
You hit Joseph but do no damage.
Joseph is lightly wounded.
Joseph barely misses you.
You hit Joseph but do no damage.
Joseph is lightly wounded.
Joseph barely misses you. Joseph hits you but does no damage.
You closely miss Joseph.
Joseph is lightly wounded.
Joseph hits you but does no damage. Joseph closely misses you.
You slash Joseph!
Joseph is lightly wounded.
Joseph hits you with a +0 quarterstaff! x2
You hit Joseph.
Joseph is lightly wounded.
Joseph hits you with a +0 quarterstaff.
You are too injured to fight recklessly!
You are too injured to fight recklessly!
You are too injured to fight recklessly!
You are too injured to fight recklessly!
You are too injured to fight recklessly!
You are too injured to fight recklessly!
You closely miss Joseph.
Joseph is lightly wounded.
Joseph hits you but does no damage. Joseph hits you with a +0 quarterstaff!
You barely miss Joseph.
Joseph is lightly wounded.
Joseph hits you with a +0 quarterstaff!
* * * LOW HITPOINT WARNING * * *
You block Joseph's attack.
You hit Joseph.
Joseph is lightly wounded.
Joseph hits you but does no damage. x2
You feel very mighty all of a sudden.
Joseph hits you with a +0 quarterstaff!!
You die...

#......###....#
#...# ######.#
#....# ###.#
#.# ###### #.#
#.# #.##### #.#
#...... #.#
####### #.#
######.####.#
#.......@@..#
#############


You could see Joseph (berserk).

Vanquished Creatures
  Prince Ribbit (D:6)
  Edmund (D:6)
  An ice beast (D:5)
  A black bear (D:7)
  An orc warrior (D:6)
  2 ogres
  A centaur (D:7)
  A phantom (D:5)
  A kobold brigand (D:7)
  A bullfrog (D:7)
  Blork the orc (D:5)
  A necrophage (D:5)
  A scorpion (D:5)
  3 howler monkeys (D:7)
  4 hounds
  4 orc priests
  Crazy Yiuf (D:3)
  3 jellies
  5 iguanas
  Natasha (thrice) (D:3)
  5 orc wizards
  3 gnolls (D:5)
  9 adders
  A white imp (D:5)
  2 ufetubi (D:5)
  A worm (D:3)
  8 dart slugs
  21 orcs
  7 endoplasms
  4 giant cockroaches
  8 goblins
  6 hobgoblins
  10 jackals
  6 kobolds
  4 quokkas
  7 ball pythons
  6 bats
  4 frilled lizards
  2 rats
151 creatures vanquished.

Vanquished Creatures (others)
  An adder (D:3)
  A demonic plant (Temple)
2 creatures vanquished.

Grand Total: 153 creatures vanquished

Notes
Turn   | Place    | Note
-------+----------+-------------------------------------------
     0 | D:1      | bande the Gargoyle Fighter began the quest for the Orb.
     0 | D:1      | Reached XP level 1. HP: 14/14 MP: 1/1
   108 | D:1      | Reached XP level 2. HP: 13/19 MP: 2/2
   316 | D:1      | Found Jasuren's Antique Weapon Shop.
   504 | D:1      | Reached XP level 3. HP: 18/23 MP: 3/3
  1347 | D:2      | Reached XP level 4. HP: 29/29 MP: 4/4
  1727 | D:2      | Found a faded altar of an unknown god.
  2097 | D:3      | Gained mutation: You possess an exceptional clarity of
                  | mind. [potion of mutation]
  2440 | D:3      | Reached XP level 5. HP: 32/33 MP: 5/5
  2487 | D:3      | Noticed Natasha
  2491 | D:3      | Killed Natasha
  2497 | D:3      | Noticed Natasha
  2503 | D:3      | Killed Natasha
  2579 | D:3      | Noticed Natasha
  2588 | D:3      | Killed Natasha
  2764 | D:3      | Found a burning altar of Makhleb.
  2764 | D:3      | Noticed a balrug
  2784 | D:3      | Found a runed translucent door.
  2785 | D:3      | Noticed Crazy Yiuf
  2833 | D:3      | Found a hazy altar of Hepliaklqana.
  2833 | D:3      | Found a sacrificial altar of Ru.
  2873 | D:3      | Found a broken altar of Ashenzari.
  3065 | D:3      | Killed Crazy Yiuf
  3066 | D:3      | Reached XP level 6. HP: 38/38 MP: 4/6
  3339 | D:4      | Found a staircase to the Ecumenical Temple.
  3355 | Temple   | Entered the Ecumenical Temple
  3573 | D:4      | Found Rutawo's Armour Shoppe.
  3606 | D:4      | Found Finiat's Distillery.
  3613 | D:4      | Bought a potion of degeneration for 14 gold pieces
  3760 | D:4      | Found Koih's Armour Emporium.
  4401 | D:4      | Reached skill level 5 in Armour
  4804 | D:4      | Reached skill level 1 in Evocations
  5187 | D:5      | Entered Level 5 of the Dungeon
  5246 | D:5      | Found a shimmering altar of Xom.
  5253 | D:5      | Found Qegoenocu's Jewellery Shoppe.
  5263 | D:5      | Identified the +0 ring mail of Ziocraly {*Slow +Inv rElec
                  | Will+++}
  5275 | D:5      | Reached XP level 7. HP: 43/43 MP: 5/7
  5322 | D:5      | Found an ancient bone altar of Kikubaaqudgha.
  5392 | D:5      | Reached skill level 5 in Axes
  6147 | D:5      | Found a bloodstained altar of Trog.
  6148 | D:5      | Found an iron altar of Okawaru.
  6165 | D:5      | Became a worshipper of Warmaster Okawaru
  6343 | D:5      | Reached XP level 8. HP: 42/48 MP: 6/8
  6411 | D:5      | Reached skill level 1 in Invocations
  6442 | D:5      | Noticed Blork the orc
  6452 | D:5      | Killed Blork the orc
  6452 | D:5      | Reached * piety under Okawaru
  6957 | D:6      | Noticed Prince Ribbit
  7342 | D:6      | Killed Prince Ribbit
  7343 | D:6      | Reached skill level 5 in Fighting
  7348 | D:6      | Upgraded the game from 0.29-a0-775-g4d7333d4e2 to
                  | 0.29-a0-789-g7a8fcbc185
  7693 | D:6      | Found a blossoming altar of Fedhas.
  8166 | D:6      | Noticed Edmund
  8203 | D:6      | Killed Edmund
  8204 | D:6      | Reached XP level 9. HP: 7/54 MP: 2/11
  9566 | D:7      | Found a glowing golden altar of the Shining One.
  9605 | D:7      | Found Ahohil's General Store.
  9640 | D:7      | Reached ** piety under Okawaru
  9651 | D:7      | Found a white marble altar of Elyvilon.
  9750 | D:7      | Found an ornate altar of the Wu Jian Council.
  9971 | D:7      | Noticed Joseph
  9984 | D:7      | Mangled by Joseph

Illustrated notes

Levels and vault maps discovered:
D:1:      amcnicky_arrival_underground_garden, layout_loops_ring, serial_shops,
          nicolae_shop_stone, kennysheep_decorative_pillar
D:2:      layout_basic, hellmonk_ecumenical_altar_crossroads
D:3:      layout_rooms, nicolae_overflow_two_pavilions,
          makhleb_altar_promises_db, nicolae_ashenzari_panopticon,
          grunt_decor_arrowhead, uniq_crazy_yiuf_cottage, uniq_natasha
D:4:      layout_loops_ring, minmay_temple_entry_grid, serial_shops, shop, shop,
          nicolae_shop_waterfront, kennysheep_generic_room_3
D:5:      layout_loops_cross, grunt_temple_overflow_bloody_war, xom_butterflies,
          kennysheep_mini, hangedman_abyss_or_decor_jellyfish_corner,
          dreamdust_princess_bridge, reono_crystal_passage,
          minmay_misc_feat_cross, minmay_misc_feat_diagonals,
          nicolae_stop_n_shop_2, uniq_blork_the_orc
D:6:      layout_loops_cross, fedhas_altar_1, water_boxes_lemuel, uniq_edmund,
          uniq_prince_ribbit1
D:7:      layout_basic, nicolae_overflow_hidden_temple,
          mainiacjoe_overflow_alcove_4, marbit_many_paths, serial_shops, shop,
          uniq_joseph
Temple:   corrupted_temple

Skill      XL: |  1  2  3  4  5  6  7  8  9 |
---------------+----------------------------+-----
Axes           | 2 3 4 5 6 7 |  7.1
Armour         | 4 5 6 7 |  7.0
Fighting       | 4 5 |  5.5
Shields        | 4 |  4.7
Evocations     | 1 2 3 |  3.7
Invocations    | 2 3 |  3.6

Action                   |  1- 3 |  4- 6 |  7- 9 || total
-------------------------+-------+-------+-------++-------
Melee: War axe           |   105 |   142 |   258 ||   505
  Use: Scroll            |       |    13 |     5 ||    18
       Potion            |       |     1 |     5 ||     6
Armor: Scale mail        |    58 |   115 |    82 ||   255
       Skin              |       |     1 |       ||     1
       Plate armour      |       |       |    44 ||    44
       Ring mail         |       |       |     4 ||     4
Dodge: Dodged            |    75 |    71 |   117 ||   263
Block: Buckler           |    27 |    40 |    54 ||   121

Table legend: (Time is in decaauts)
 A = Elapsed time spent in this place.
 B = Non-inter-level travel time spent in this place.
 C = Inter-level travel time spent in this place.
 D = Time resting spent in this place.
 E = Time spent auto-exploring this place.
 F = Levels seen in this place.
 G = Mean time per level.
                   A        B        C        D        E       F      G
               +--------+--------+--------+--------+--------+-----+--------+
         Total |  10156 |   9954 |    202 |   3920 |   4366 |   8 | 1269.5 |
       Dungeon |  10105 |   9903 |    202 |   3920 |   4344 |   7 | 1443.6 |
        Temple |     50 |     50 |      0 |      0 |     22 |   1 |   50.0 |
               +--------+--------+--------+--------+--------+-----+--------+

Top non-repeatable levels by time:
     D:5: 2271 daAuts
     D:4: 1833 daAuts
     D:3: 1753 daAuts
     D:6: 1471 daAuts
     D:1: 1209 daAuts
     D:2: 929 daAuts
     D:7: 636 daAuts
  Temple: 50 daAuts
